 Dungeon Sprint DCSS version 0.23.2-1-ga50397a6bc (webtiles) character file.

Game seed: 15610334060717433878

1280 Kobolds4U the Imperceptible (level 8, -1/37 HPs)
             Began as a Spriggan Assassin on May 28, 2019.
             Was a Believer of Okawaru.
             Slain by a centaur warrior (5 damage)
             ... in the Dungeon (Sprint I: "Red Sonja").
             The game lasted 00:03:25 (338 turns).

Kobolds4U the Imperceptible (Spriggan Assassin)      Turns: 338, Time: 00:03:25

Health: -1/37      AC:  3    Str:  5    XL:     8   Next: 29%
Magic:  9/9        EV: 17    Int: 12    God:    Okawaru [**....]
Gold:   164        SH:  0    Dex: 20    Spells: 7/7 levels left

rFire    . . .     SeeInvis +   a - +2 dagger
rCold    . . .     Gourm    .   (shield restricted)
rNeg     . . .     Faith    .   c - +0 robe
rPois    .         Spirit   .   (helmet restricted)
rElec    .         Reflect  .   d - +0 cloak
rCorr    .         Harm     .   (gloves unavailable)
MR       +....     NoTele   +   (boots unavailable)
Stlth    +++++++++.             (no amulet)
HPRegen  0.12/turn              (no ring)
MPRegen  0.11/turn              (no ring)

@: very slightly contaminated, very quick
A: very small, unfitting armour, see invisible, herbivore, speed 3, high mp 1,
slow metabolism 2, weak 1
a: Heroism, Renounce Religion


You were in the Dungeon.
You worshipped Okawaru.
Okawaru was pleased with you.
You were not hungry.

You visited 1 branch You collected 405 gold pieces.
You spent 241 gold pieces at shops.

Inventory:

Hand Weapons
 a - a +2 dagger (weapon)
 b - a +0 blowgun
Missiles
 e - 4 poisoned needles
 f - a curare-tipped needle
Armour
 c - a +0 robe (worn)
 d - a +0 cloak (worn)
 o - a scarf of cloud immunity
Potions
 h - a potion of curing
 i - a potion of heal wounds
 j - a potion of haste
 k - 2 potions of magic
 l - a potion of berserk rage
Comestibles
 g - 2 rations


   Skills:
 - Level 1.5 Fighting
 - Level 2.1 Short Blades
 - Level 2.0 Throwing
 + Level 1.5 Dodging
 + Level 24.7 Stealth


You had 7 spell levels left.
You didn't know any spells.
Your spell library was empty.

Dungeon Overview and Level Annotations

Branches:
Dungeon (1/1)

Altars:
Cheibriados
Dithmenos
Elyvilon
Fedhas
Gozag
Hepliaklqana
Kikubaaqudgha
Makhleb
Nemelex Xobeh
Okawaru
Qazlal
Ru
Sif Muna
Trog
Uskayaw
Vehumet
Wu Jian
Xom
Yredelemnul
Zin
The Shining One
Jiyva
Lugonu

Shops:
D *


Innate Abilities, Weirdness & Mutations

You are very small and have problems with some larger weapons.
You are too small for most types of armour.
You have supernaturally acute eyesight. (SInv)
You are a herbivore.
You cover ground extremely quickly.
You need to consume almost no food.
You have an increased reservoir of magic. (+10% MP)
You are weak. (Str -2)


Message History

Press: ? - help, Shift-Dir - straight line, f/p - centaur warrior
Aim: a centaur warrior (purple smoke, lightly wounded, slow, poisoned)
You shoot a poisoned needle.
The poisoned needle hits the centaur warrior.
The centaur warrior looks as sick as possible!
The centaur warrior is lightly wounded.
a - a +2 dagger (weapon)
The centaur warrior hits you.
You hit the centaur warrior but do no damage.
The centaur warrior is moderately wounded.
The centaur warrior closely misses you.
You hit the centaur warrior but do no damage.
The centaur warrior is moderately wounded.
The centaur warrior hits you.
You hit the centaur warrior.
The centaur warrior is moderately wounded.
The centaur warrior hits you!
* * * LOW HITPOINT WARNING * * *
The centaur warrior hits you.
You die...

##################***************
..'..#.)'..#__#..+,,,*,,*,,,,+,,,
..#..'..#..'..'..#,,,**+*,****,,,
####'#####'#__####,,,+,,*,*,***,,
###..#...#(####§)#****,,+,*+*,***
__####..##.#§§§§@#,,**+****,,,*,*
_____##'#_.'≈≈§c§+,,*,,,,,*,,,***
_.∩...'..._#≈§§§§#,,*,,,,,+,,,,,*
_..__##_.#'##+####*+***,,,*,,,,,*
_____###+#.#,,,,***,+,*,,,***++**
######**,###*+***,***,*,,***,,***
,,,,,,+,,,+,,,,,+,∩**,*,,****,,**
+++****,,,***********,**+*,,*,,*,
,,,,****,***,,,,,,,**,**,*,,,,,,,


You could see a centaur warrior.

Vanquished Creatures
  A centaur warrior (D)
  A slime creature (D)
  Sigmund (D)
  A yak (D)
  An ogre (D)
  A jelly (D)
  Ijyb (D)
7 creatures vanquished.

Notes
Turn   | Place    | Note
-------+----------+-------------------------------------------
     0 | D        | Kobolds4U the Spriggan Assassin began the quest for the
                  | Orb.
     0 | D        | Reached XP level 1. HP: 10/10 MP: 2/2
     1 | D        | Noticed Ijyb
    17 | D        | Killed Ijyb
    17 | D        | Reached skill level 10 in Stealth
    17 | D        | Reached XP level 2. HP: 14/14 MP: 3/3
    31 | D        | Noticed an ogre
    50 | D        | Killed an ogre
    50 | D        | Reached skill level 14 in Stealth
    50 | D        | Reached XP level 3. HP: 10/18 MP: 4/4
    50 | D        | Reached XP level 4. HP: 13/22 MP: 5/5
   183 | D        | Noticed Sigmund
   187 | D        | Killed Sigmund
   187 | D        | Reached skill level 18 in Stealth
   187 | D        | Reached XP level 5. HP: 25/25 MP: 6/6
   187 | D        | Reached XP level 6. HP: 30/30 MP: 7/7
   199 | D        | Found a burning altar of Makhleb.
   199 | D        | Found a viscous altar of Jiyva.
   199 | D        | Found a shimmering altar of Xom.
   199 | D        | Found a corrupted altar of Lugonu.
   199 | D        | Noticed a slime creature
   202 | D        | Killed a slime creature
   202 | D        | Reached skill level 20 in Stealth
   204 | D        | Found an ornate altar of the Wu Jian Council.
   204 | D        | Found a deep blue altar of Sif Muna.
   206 | D        | Found a radiant altar of Vehumet.
   237 | D        | Found Siw Muis's Assorted Antiques.
   237 | D        | Found an ancient bone altar of Kikubaaqudgha.
   237 | D        | Found a hazy altar of Hepliaklqana.
   237 | D        | Found a stormy altar of Qazlal.
   237 | D        | Found a hide-covered altar of Uskayaw.
   237 | D        | Found a blossoming altar of Fedhas.
   237 | D        | Found a bloodstained altar of Trog.
   237 | D        | Found an iron altar of Okawaru.
   237 | D        | Found a basalt altar of Yredelemnul.
   237 | D        | Found a glowing golden altar of the Shining One.
   237 | D        | Found a snail-covered altar of Cheibriados.
   237 | D        | Found a sacrificial altar of Ru.
   237 | D        | Found a glowing silver altar of Zin.
   237 | D        | Found a shadowy altar of Dithmenos.
   237 | D        | Found a white marble altar of Elyvilon.
   237 | D        | Noticed a yak
   238 | D        | Found an opulent altar of Gozag.
   239 | D        | Killed a yak
   239 | D        | Reached skill level 21 in Stealth
   239 | D        | Reached XP level 7. HP: 33/33 MP: 8/8
   240 | D        | Found a sparkling altar of Nemelex Xobeh.
   244 | D        | Bought an embroidered scarf for 152 gold pieces
   244 | D        | Bought a scroll labeled MUOHAO VEAXT for 19 gold pieces
   244 | D        | Bought a scroll labeled QICOC TIAWAMP for 19 gold pieces
   244 | D        | Bought an orange potion for 17 gold pieces
   244 | D        | Bought a fizzy cyan potion for 17 gold pieces
   244 | D        | Bought a smoky coppery potion for 17 gold pieces
   245 | D        | Became a worshipper of Warmaster Okawaru
   248 | D        | Gained mutation: You are weak. (Str -2) [potion of
                  | mutation]
   248 | D        | Gained mutation: You have an increased reservoir of magic.
                  | (+10% MP) [potion of mutation]
   324 | D        | Noticed a centaur warrior
   324 | D        | Noticed a centaur warrior
   325 | D        | Killed a centaur warrior
   325 | D        | Reached * piety under Okawaru
   325 | D        | Reached ** piety under Okawaru
   325 | D        | Reached skill level 24 in Stealth
   325 | D        | Reached XP level 8. HP: 37/37 MP: 9/9
   338 | D        | Slain by a centaur warrior

Skill      XL: |  1  2  3  4  5  6  7 |
---------------+----------------------+-----
Stealth        | 10 14 18 21 24 | 24.7
Fighting       | |  1.5
Short Blades   | |  2.1
Throwing       | |  2.0
Dodging        | |  1.5

Action                   |  1- 3 |  4- 6 |  7- 9 || total
-------------------------+-------+-------+-------++-------
Melee: Dagger            |     1 |     4 |     4 ||     9
 Fire: Blowgun           |     7 |       |     5 ||    12
  Use: Scroll            |       |       |     4 ||     4
       Potion            |       |       |     3 ||     3
 Stab: Sleeping          |       |     4 |     1 ||     5
Dodge: Dodged            |     1 |       |     4 ||     5
